[Event "Titled Tuesday Blitz June 28 Early 2022"]
[White "Li, Zhuoling"]
[Black "Ismayil, Malak"]
[WhiteFideId "8605629"]
[BlackFideId "13412604"]
[WhiteElo "2295"]
[BlackElo "1879"]
[Result "1/2-1/2"]
[Round "06"]
[TimeControl "180+1"]
[Date "2022.06.28"]
[WhiteClock "0:00:04"]
[BlackClock "0:00:04"]

1. e4 e5 2. Nf3 Nc6 3. Bb5 a6 4. Ba4 Nf6 5. O-O b5 6. Bb3 Be7 7. Re1 O-O 8. c3 h6 9. d4 d6 10. h3 Re8 11. Nbd2 Bf8 12. Bc2 g6 13. Nf1 Bg7 14. Ng3 Bb7 15. a3 Qe7 16. Qd3 Kh7 17. b3 Rad8 18. Bb2 Nb8 19. Rad1 c5 20. d5 Qc7 21. c4 Qb6 22. Bc3 Nbd7 23. Rb1 b4 24. axb4 cxb4 25. Bd2 Nc5 26. Qe2 a5 27. Be3 Nfd7 28. Red1 Qc7 29. Ne1 Ra8 30. Nd3 Nxd3 31. Bxd3 Nc5 32. Bc2 Bc8 33. Qd2 Bd7 34. f4 f6 35. f5 g5 36. Qe2 Re7 37. Qf2 Rc8 38. Nf1 Be8 39. Nh2 a4 40. bxa4 b3 41. Bxb3 Nxb3 42. Rxb3 Qxc4 43. Rdb1 Qxe4 44. Qf3 Qxa4 45. Rb4 Qa2 46. Ng4 h5 47. Nf2 Rec7 48. Ne4 Rd7 49. Rb6 Rcd8 50. Qd1 Bf7 51. Nc3 Qc4 52. Qd2 Rc8 53. R6b3 g4 54. Ne2 gxh3 55. Rc3 Qa6 56. Rxc8 Qxc8 57. Ng3 hxg2 58. Qxg2 Qg8 59. Qf3 Kh8 60. Kf2 Qh7 61. Rg1 h4 62. Ne2 Kg8 63. Nc3 Kf8 64. Ne4 Bxd5 65. Nxf6 Bxf6 66. Qxd5 Qxf5+ 67. Qf3 Qxf3+ 68. Kxf3 Rg7 69. Rh1 Rf7 70. Ke4 Ke7 71. Kd5 Rg7 72. Ra1 Kf7 73. Ra7+ Kg6 74. Ra6 Be7 75. Ra1 Kf5 76. Rf1+ Kg6 77. Rg1+ Kh7 78. Rh1 Rf7 79. Bg1 Rg7 80. Bb6 Rg4 81. Bf2 Rf4 82. Be3 Rg4 83. Bf2 Kg6 84. Be3 Kf5 85. Bf2 Kg6 86. Be3 Bf8 87. Bf2 Be7 1/2-1/2


[Site "https://www.chess.com"]

[Event "Titled Tuesday Blitz June 28 Early 2022"]
[White "Libiszewski, Fabien"]
[Black "Terry, Renato"]
[WhiteFideId "616834"]
[BlackFideId "3803457"]
[WhiteElo "2797"]
[BlackElo "2946"]
[Result "0-1"]
[Round "06"]
[TimeControl "180+1"]
[Date "2022.06.28"]
[WhiteClock "0:00:01"]
[BlackClock "0:00:15"]

1. e4 e6 2. d3 d5 3. Qe2 Nf6 4. Nf3 c5 5. g3 Nc6 6. Bg2 Be7 7. O-O O-O 8. e5 Nd7 9. c4 Nb6 10. b3 f5 11. exf6 Bxf6 12. Bb2 Bd7 13. Re1 Bxb2 14. Qxb2 Qf6 15. Qxf6 Rxf6 16. Ne5 Nxe5 17. Rxe5 Bc6 18. Nc3 Rd8 19. Rae1 Kf7 20. Bh3 Rd6 21. Ne2 Nd7 22. Rh5 h6 23. Nf4 g5 24. Nxe6 Kg6 25. Bg4 Rdxe6 26. Bxe6 Kxh5 27. cxd5 Rxe6 28. dxe6 Nf6 29. e7 Kg6 30. Re5 b6 31. f4 gxf4 32. gxf4 Kf7 33. h3 Bd7 34. Kg2 Ng8 35. d4 cxd4 36. Kf3 Nxe7 37. Ke4 Bxh3 38. Rh5 Bf5+ 39. Kxd4 Kg6 40. Rh2 h5 41. Ke5 Bg4 42. a4 Nf5 43. b4 h4 44. a5 bxa5 45. bxa5 h3 46. Ke4 Nh4 47. Kd5 Bf3+ 48. Kd6 Bg2 49. Kc7 Nf3 0-1


[Site "https://www.chess.com"]

[Event "Titled Tuesday Blitz June 28 Early 2022"]
[White "Livaic, Leon"]
[Black "Dubov, Daniil"]
[WhiteFideId "14531534"]
[BlackFideId "24126055"]
[WhiteElo "2862"]
[BlackElo "3054"]
[Result "0-1"]
[Round "06"]
[TimeControl "180+1"]
[Date "2022.06.28"]
[WhiteClock "0:00:03"]
[BlackClock "0:00:25"]

1. d4 Nf6 2. c4 e6 3. Nf3 d5 4. Nc3 Nbd7 5. cxd5 exd5 6. Bg5 c6 7. Qc2 Be7 8. e3 Nf8 9. Ne5 N6d7 10. Bxe7 Qxe7 11. Nxd7 Bxd7 12. Bd3 Ne6 13. O-O-O g6 14. Kb1 Ng7 15. f3 O-O 16. e4 dxe4 17. fxe4 Rad8 18. Rhe1 Rfe8 19. Qf2 Bg4 20. Be2 Bxe2 21. Rxe2 Rd7 22. e5 Red8 23. Ne4 Ne8 24. h4 Rd5 25. Rdd2 Qd7 26. Nc5 Qe7 27. Ne4 b6 28. h5 c5 29. hxg6 hxg6 30. dxc5 Rxe5 31. Rxd8 Qxd8 32. Nc3 Rxc5 33. a3 Nf6 34. Rd2 Qe7 35. Qd4 Re5 36. g4 Kg7 37. Qf4 Re1+ 38. Kc2 Qe5 39. Qf3 Re3 40. Qg2 Rg3 41. Qb7 Nxg4 42. Qxa7 Ne3+ 43. Kb1 Rg1+ 44. Ka2 Qe6+ 45. b3 Qe5 0-1


[Site "https://www.chess.com"]

[Event "Titled Tuesday Blitz June 28 Early 2022"]
[White "Lou, Yiping"]
[Black "Hovhannisyan, Robert"]
[WhiteFideId "8603928"]
[BlackFideId "13302507"]
[WhiteElo "2763"]
[BlackElo "2918"]
[Result "0-1"]
[Round "06"]
[TimeControl "180+1"]
[Date "2022.06.28"]
[WhiteClock "0:00:02"]
[BlackClock "0:00:16"]

1. d4 d5 2. c4 c6 3. Nf3 Nf6 4. e3 Bg4 5. h3 Bh5 6. Nc3 e6 7. Qb3 Qb6 8. g4 Bg6 9. Ne5 Qxb3 10. axb3 Bc2 11. c5 Bxb3 12. Bd3 Nfd7 13. Nxd7 Nxd7 14. Ra3 Bc4 15. Bxc4 dxc4 16. Ra4 h5 17. g5 Be7 18. h4 e5 19. Rxc4 Rc8 20. Ra4 a6 21. Ne2 Nf8 22. b4 exd4 23. exd4 Ne6 24. Kd2 Rd8 25. Kc3 Nc7 26. Ra2 Kd7 27. Be3 Nd5+ 28. Kc4 Rhe8 29. Nf4 Nxf4 30. Bxf4 Bf8 31. Be5 Ke6 32. Rh3 f6 33. Bc7 Rd5 34. Re2+ Kd7 35. Rxe8 Kxe8 36. f4 Kd7 37. Bb8 Kc8 38. Re3 Kd7 0-1


[Site "https://www.chess.com"]

[Event "Titled Tuesday Blitz June 28 Early 2022"]
[White "Malyi, Viacheslav"]
[Black "Molina, Roberto Junio Brito"]
[WhiteFideId "14123983"]
[BlackFideId "2109450"]
[WhiteElo "2582"]
[BlackElo "2785"]
[Result "0-1"]
[Round "06"]
[TimeControl "180+1"]
[Date "2022.06.28"]
[WhiteClock "0:00:49"]
[BlackClock "0:00:21"]

1. e4 c6 2. d4 d5 3. Nc3 dxe4 4. Nxe4 Nd7 5. Bd3 Ngf6 6. Ng5 e6 7. N1f3 Bd6 8. Qe2 h6 9. Ne4 Nxe4 10. Qxe4 Qc7 11. Qe2 b6 12. O-O Bb7 13. Re1 c5 14. c4 O-O 15. b3 Bxf3 16. Qxf3 cxd4 17. Qe4 Nf6 18. Qxd4 Bxh2+ 19. Kh1 Rad8 20. Qe3 Bf4 21. Qf3 Bxc1 22. Raxc1 Rd4 23. g3 Rfd8 24. Rcd1 Kf8 25. Kg2 Qc8 26. Bc2 Rxd1 27. Bxd1 Qa8 28. Qxa8 Rxa8 29. Bf3 Rd8 30. Re2 Ke7 31. Rc2 Rc8 32. b4 Nd7 33. a3 Rc7 34. Kf1 g5 35. g4 f5 36. Be2 Ne5 37. f3 Nc6 38. Rd2 Rd7 39. Ke1 Nd4 40. Bd1 Kf6 41. Kf2 Ke5 42. Rd3 Rc7 43. Rc3 a5 44. Re3+ Kf6 45. Rc3 axb4 46. axb4 Ra7 47. c5 bxc5 48. bxc5 Rc7 49. Rc4 Ke5 50. Ke3 Nc6 51. Ba4 Ne7 52. c6 Kd6 53. Rd4+ Nd5+ 54. Kd2 Kc5 55. Rd3 Ra7 56. Bb3 Kxc6 57. Bxd5+ exd5 58. gxf5 Rf7 59. Ra3 Rxf5 60. Ra6+ Kc5 61. Rxh6 Rxf3 62. Rg6 Rf5 63. Kd3 Re5 64. Rg8 Kd6 65. Rd8+ Ke6 66. Rf8 Re4 67. Rg8 Kf5 68. Rd8 Re5 69. Kd4 Kf4 70. Rf8+ Rf5 71. Rh8 g4 72. Rh1 g3 73. Rf1+ Kg4 74. Rg1 Kh3 75. Rh1+ Kg2 76. Rh8 Kf2 77. Rf8 Rf3 78. Rg8 g2 79. Kxd5 g1=Q 80. Rxg1 Kxg1 81. Ke4 Kf2 0-1


[Site "https://www.chess.com"]

[Event "Titled Tuesday Blitz June 28 Early 2022"]
[White "Mangialardo, Tiago Carvalho"]
[Black "Kanyamarala, Tarun"]
[WhiteFideId "2130718"]
[BlackFideId "45004714"]
[WhiteElo "2060"]
[BlackElo "2219"]
[Result "1-0"]
[Round "06"]
[TimeControl "180+1"]
[Date "2022.06.28"]
[WhiteClock "0:02:22"]
[BlackClock "0:02:51"]

1. e4 h6 2. d4 g6 3. Nc3 f6 4. Nf3 e6 5. Be3 d6 6. Bd3 c6 7. Qe2 b6 8. e5 d5 9. Bxg6+ Kd7 10. exf6 Nxf6 11. Ne5+ 1-0


[Site "https://www.chess.com"]

[Event "Titled Tuesday Blitz June 28 Early 2022"]
[White "Manukian, Artak"]
[Black "Vidonyak, Roman"]
[WhiteFideId "13301373"]
[BlackFideId "14100622"]
[WhiteElo "2462"]
[BlackElo "2333"]
[Result "1-0"]
[Round "06"]
[TimeControl "180+1"]
[Date "2022.06.28"]
[WhiteClock "0:00:22"]
[BlackClock "0:00:06"]

1. e4 c5 2. Nf3 d6 3. Bb5+ Nd7 4. O-O a6 5. Bd3 Ngf6 6. Re1 b5 7. c4 bxc4 8. Bxc4 Bb7 9. Nc3 e6 10. d4 cxd4 11. Qxd4 Be7 12. Bg5 O-O 13. Rad1 h6 14. Bh4 Rc8 15. Bb3 Nc5 16. Bc2 Qb6 17. Re2 Rfd8 18. h3 e5 19. Qe3 Qc7 20. Red2 Ba8 21. Bd3 Nxd3 22. Qxd3 Qc4 23. Qxc4 Rxc4 24. Nxe5 Rb4 25. Bxf6 Bxf6 26. Ng4 Bxc3 27. bxc3 Rxe4 28. Rxd6 Rxd6 29. Rxd6 Bb7 30. Rb6 Re1+ 31. Kh2 Re7 32. Ne3 Rc7 33. c4 g6 34. Kg3 Bc8 35. Kf4 Kg7 36. Ke5 Rc5+ 37. Kd4 Ra5 38. Rb2 Be6 39. Rc2 Ra4 40. Ke5 Ra5+ 41. Kd6 Ra3 42. c5 Rd3+ 43. Kc7 Rd7+ 44. Kb6 Rd8 45. c6 Bc8 46. c7 Re8 47. Rd2 Re6+ 48. Ka7 Rc6 49. Kb8 Be6 50. Rc2 Rb6+ 51. Ka7 Rd6 52. c8=Q Bxc8 53. Rxc8 Rd7+ 54. Kxa6 Rd2 55. Rc2 Rd6+ 56. Kb5 Rd8 57. a4 Rb8+ 58. Kc4 Rc8+ 59. Kb3 Ra8 60. Rc5 Rb8+ 61. Rb5 Rd8 62. Kc3 Rc8+ 63. Kb4 Rd8 64. Rd5 Rb8+ 65. Ka3 Ra8 66. a5 Rc8 67. a6 Rc3+ 68. Kb4 Rc1 69. Ra5 Rb1+ 70. Kc3 Rc1+ 71. Kd2 Rc8 72. a7 Ra8 73. Nc4 Rd8+ 74. Kc3 1-0


[Site "https://www.chess.com"]

[Event "Titled Tuesday Blitz June 28 Early 2022"]
[White "Marin Ramirez, Gerardo"]
[Black "Wartiovaara, Oliver"]
[WhiteFideId "3901068"]
[BlackFideId "513024"]
[WhiteElo "1920"]
[BlackElo "1971"]
[Result "1/2-1/2"]
[Round "06"]
[TimeControl "180+1"]
[Date "2022.06.28"]
[WhiteClock "0:00:02"]
[BlackClock "0:00:02"]

1. d4 Nf6 2. Nf3 e6 3. c4 d5 4. Nc3 Be7 5. Bg5 h6 6. Bh4 dxc4 7. e3 c5 8. Bxc4 cxd4 9. exd4 O-O 10. O-O Nc6 11. a3 Nd5 12. Bxd5 Bxh4 13. Bxc6 bxc6 14. Ne4 Be7 15. Rc1 Qd5 16. Nc5 Rd8 17. Qa4 Bd7 18. Rfd1 Be8 19. b4 Bf6 20. Qc2 a5 21. Nb7 axb4 22. Nxd8 b3 23. Qc4 Bxd8 24. Qxd5 cxd5 25. Rc3 Be7 26. Rb1 Ba4 27. Nd2 Bxa3 28. Nxb3 Bb4 29. Rcc1 Bxb3 30. Rxb3 Be7 31. Rcb1 Bf6 32. Rb8+ Rxb8 33. Rxb8+ Kh7 34. Rb4 Kg6 35. f3 h5 36. Kf2 Kf5 37. Ke3 g5 38. h3 h4 39. Rb7 Kg6 40. Rd7 Bg7 41. Rb7 Bf6 42. Rb4 Bg7 43. Kd3 Kf5 44. Ke3 Kg6 45. Ra4 Bf6 46. f4 gxf4+ 47. Kxf4 Bg7 48. Kg4 Bf6 49. Kf3 Kf5 50. Rb4 Kg6 51. Ra4 Kf5 52. Rb4 Kg6 53. Kg4 Be7 54. Ra4 Bf6 55. Ra8 Be7 56. Rg8+ Kh7 57. Re8 Bf6 58. Rc8 Kg7 59. Rb8 Kh7 60. Rb4 Kg7 61. Ra4 Kg6 1/2-1/2


[Site "https://www.chess.com"]

[Event "Titled Tuesday Blitz June 28 Early 2022"]
[White "Marjanovic, Annamaria"]
[Black "Rios Escobar, Adan"]
[WhiteFideId "750930"]
[BlackFideId "3403645"]
[WhiteElo "2156"]
[BlackElo "2477"]
[Result "1-0"]
[Round "06"]
[TimeControl "180+1"]
[Date "2022.06.28"]
[WhiteClock "0:00:51"]
[BlackClock "0:00:07"]

1. b3 Nf6 2. Bb2 g6 3. g3 Bg7 4. Bg2 O-O 5. Nf3 d6 6. O-O c5 7. d3 Nc6 8. Nbd2 Bd7 9. h3 Qc8 10. Kh2 b5 11. Rb1 Rb8 12. c4 b4 13. e3 a5 14. d4 Bf5 15. Rc1 h5 16. Qe2 Re8 17. e4 Bd7 18. dxc5 Ng4+ 19. hxg4 Bxb2 20. Rb1 Bc3 21. gxh5 Bg4 22. hxg6 fxg6 23. cxd6 Nd4 24. Qd3 Qc5 25. Nxd4 Bxd4 26. e5 Bf5 27. Be4 Qxe5 28. Bxf5 gxf5 29. Nf3 Qh8+ 30. Kg2 e5 31. Qxf5 Qg7 32. Rh1 Rf8 33. Qe6+ Rf7 34. Rh6 Rf8 35. Rg6 Kh7 36. Rh1+ Kg8 37. Rxg7+ Kxg7 38. Qh6+ Kg8 39. Qh8# 1-0


[Site "https://www.chess.com"]

[Event "Titled Tuesday Blitz June 28 Early 2022"]
[White "Martinez Alcantara, Jose Eduardo"]
[Black "Yang, Kaiqi"]
[WhiteFideId "3805662"]
[BlackFideId "8604398"]
[WhiteElo "2957"]
[BlackElo "2674"]
[Result "1-0"]
[Round "06"]
[TimeControl "180+1"]
[Date "2022.06.28"]
[WhiteClock "0:00:32"]
[BlackClock "0:00:01"]

1. e4 c5 2. Nf3 e6 3. c3 Nf6 4. Bd3 d5 5. e5 Nfd7 6. Bc2 Nc6 7. d4 cxd4 8. cxd4 Nb4 9. Bb3 b6 10. a3 Nc6 11. O-O Ba6 12. Re1 Rc8 13. Nc3 Be7 14. Bc2 Na5 15. Nd2 Nc4 16. Nxc4 Bxc4 17. Qg4 g6 18. Bh6 Bf8 19. Bg5 Be7 20. Bh6 Bf8 21. Bxf8 Kxf8 22. Qf4 Kg7 23. Nd1 h5 24. Ne3 h4 25. h3 Rh5 26. Bd1 Qg5 27. Qxg5 Rxg5 28. Rc1 Ba6 29. Rxc8 Bxc8 30. Bg4 Nxe5 31. dxe5 Rxe5 32. Rd1 Ba6 33. Bf3 f5 34. Rd4 g5 35. Ra4 Bd3 36. Rxa7+ Kf6 37. Rd7 Bb5 38. Rd6 Ke7 39. Rxb6 d4 40. Nc2 d3 41. Nd4 Re1+ 42. Kh2 Bd7 43. Rb3 e5 44. Rxd3 exd4 45. Rxd4 Rb1 46. Rd2 g4 47. hxg4 fxg4 48. Bd1 Bf5 49. g3 h3 50. f3 gxf3 51. Bxf3 Rf1 52. g4 Be6 53. Kg3 Rg1+ 54. Kxh3 Rf1 55. Kg2 Rb1 56. Kg3 Rg1+ 57. Kf4 Rf1 58. Re2 Kf6 59. Kg3 Bc4 60. Rf2 Rb1 61. Be4+ Kg7 62. Bxb1 1-0


[Site "https://www.chess.com"]

[Event "Titled Tuesday Blitz June 28 Early 2022"]
[White "Mekhane, Adam"]
[Black "Gubajdullin, Alexei"]
[WhiteFideId "36050601"]
[BlackFideId "4141202"]
[WhiteElo "2002"]
[BlackElo "2280"]
[Result "1-0"]
[Round "06"]
[TimeControl "180+1"]
[Date "2022.06.28"]
[WhiteClock "0:00:21"]
[BlackClock "0:00:13"]

1. e4 g6 2. d4 d6 3. Nc3 c6 4. b3 Bg7 5. Bb2 Qb6 6. Nf3 Bg4 7. Na4 Qc7 8. Be2 Nf6 9. e5 Nd5 10. exd6 exd6 11. h3 Bf5 12. O-O Nf4 13. Qd2 Nxe2+ 14. Qxe2+ Qe7 15. Qxe7+ Kxe7 16. Rfe1+ Kd7 17. g4 Bxc2 18. Rac1 Bd3 19. Ng5 Na6 20. Rcd1 Bb5 21. Nc5+ Nxc5 22. dxc5 Bxb2 23. Rxd6+ Kc8 24. Nxf7 Rf8 25. Re7 a5 26. Rdd7 Ra7 27. Nd6+ Kb8 28. Ne8 Kc8 29. Rc7+ Kd8 30. Nd6 1-0


[Site "https://www.chess.com"]

[Event "Titled Tuesday Blitz June 28 Early 2022"]
[White "Melkumyan, Hrant"]
[Black "Rychagov, Andrey"]
[WhiteFideId "13302485"]
[BlackFideId "4119932"]
[WhiteElo "2900"]
[BlackElo "2747"]
[Result "1-0"]
[Round "06"]
[TimeControl "180+1"]
[Date "2022.06.28"]
[WhiteClock "0:00:19"]
[BlackClock "0:00:18"]

1. Nf3 d5 2. e3 Nf6 3. c4 e6 4. Nc3 Be7 5. b3 O-O 6. Bb2 b6 7. cxd5 exd5 8. g3 Bf5 9. d3 c5 10. Bg2 Nc6 11. O-O Qd7 12. Re1 Bh3 13. Bh1 Rad8 14. Ne2 Qf5 15. Nf4 Bg4 16. Bg2 g5 17. h3 Bxf3 18. Qxf3 gxf4 19. exf4 h5 20. Re2 Bd6 21. Rae1 Nb4 22. Re5 Bxe5 23. Rxe5 Qg6 24. Rg5 d4 25. Bc1 Rde8 26. f5 Qg7 27. Rxg7+ Kxg7 28. Qf4 Re1+ 29. Kh2 Nh7 30. Qh6+ Kh8 31. Bd2 Re2 32. Bxb4 cxb4 33. f6 Rxf2 34. Qg7# 1-0


[Site "https://www.chess.com"]

[Event "Titled Tuesday Blitz June 28 Early 2022"]
[White "Mikhalsky, Vladimir"]
[Black "Thiel, Thomas"]
[WhiteFideId "14144352"]
[BlackFideId "4615964"]
[WhiteElo "2301"]
[BlackElo "2254"]
[Result "1-0"]
[Round "06"]
[TimeControl "180+1"]
[Date "2022.06.28"]
[WhiteClock "0:00:18"]
[BlackClock "0:00:01"]

1. d4 Nf6 2. c4 g6 3. f3 c5 4. d5 Bg7 5. e4 O-O 6. Nc3 e6 7. Be3 exd5 8. cxd5 d6 9. Qd2 Re8 10. a4 Nh5 11. Bb5 Bd7 12. Nge2 a6 13. Bc4 f5 14. O-O Qf6 15. Bg5 Qf7 16. exf5 gxf5 17. g4 Nf6 18. Nf4 fxg4 19. Ne6 g3 20. hxg3 Rc8 21. Ne4 Ne8 22. Nd8 Qg6 23. Nxb7 Bf5 24. Rae1 Nd7 25. Bd3 Rcb8 26. g4 Bxe4 27. Bxe4 Qf7 28. Na5 Rxb2 29. Qf4 Qxf4 30. Bxf4 Ndf6 31. Bf5 Kf8 32. Be6 Rd8 33. g5 Ng8 34. Nc6 Ra8 35. Bf5 h6 36. Bc1 Rb4 37. f4 Rxa4 38. Bg6 1-0


[Site "https://www.chess.com"]

[Event "Titled Tuesday Blitz June 28 Early 2022"]
[White "Miller, Eduard"]
[Black "Rosenberg, Evan S"]
[WhiteFideId "24687022"]
[BlackFideId "2019299"]
[WhiteElo "2299"]
[BlackElo "2167"]
[Result "1-0"]
[Round "06"]
[TimeControl "180+1"]
[Date "2022.06.28"]
[WhiteClock "0:00:14"]
[BlackClock "0:00:14"]

1. d4 Nf6 2. c4 e6 3. Nc3 Bb4 4. Qc2 d5 5. a3 Bxc3+ 6. Qxc3 O-O 7. Bg5 c5 8. dxc5 Nc6 9. Bxf6 Qxf6 10. Qxf6 gxf6 11. cxd5 exd5 12. Nf3 Re8 13. Rd1 Be6 14. e3 Rad8 15. Bb5 Bg4 16. O-O Bxf3 17. gxf3 a6 18. Bxc6 bxc6 19. Rd4 Rb8 20. b4 a5 21. Kg2 axb4 22. axb4 Re7 23. Kg3 Reb7 24. Rb1 Rb5 25. Rf4 Kg7 26. Kh3 f5 27. Rxf5 Rxb4 28. Rg1+ Kf8 29. Rf6 Rc8 30. Rg4 Rb2 31. Kg2 Ra8 32. Rgf4 Raa2 33. Rxf7+ Kg8 34. Rf8+ Kg7 35. R4f7+ Kg6 36. Rc7 Rxf2+ 37. Kg3 Rxh2 38. Rxc6+ Kg7 39. Rd8 Rag2+ 40. Kf4 Rh4+ 41. Ke5 Rg5+ 42. Kd6 Rh6+ 43. Kc7 Rxc6+ 44. Kxc6 Re5 45. Kd6 Rxe3 46. c6 d4 47. c7 Rc3 48. c8=Q Rxc8 49. Rxc8 d3 50. Rc3 d2 51. Rd3 Kf6 52. Rxd2 Kf5 53. Rh2 Kf4 54. Rh3 h5 55. Ke6 h4 56. Kd5 Ke3 57. Ke5 Kf2 58. f4 Kg2 59. Rxh4 Kg3 60. Rh8 Kg4 61. f5 Kg5 62. Rg8+ Kh6 63. f6 Kh7 64. f7 Kh6 65. f8=Q+ Kh7 66. Qg7# 1-0


[Site "https://www.chess.com"]

[Event "Titled Tuesday Blitz June 28 Early 2022"]
[White "Mogirzan, Matei-Valeriu"]
[Black "Mickiewicz, Piotr"]
[WhiteFideId "1257455"]
[BlackFideId "1114891"]
[WhiteElo "1733"]
[BlackElo "2209"]
[Result "1-0"]
[Round "06"]
[TimeControl "180+1"]
[Date "2022.06.28"]
[WhiteClock "0:00:03"]
[BlackClock "0:00:07"]

1. e4 c5 2. Nf3 d6 3. d4 cxd4 4. Nxd4 Nf6 5. Nc3 Nc6 6. Bc4 Na5 7. Bd3 g6 8. h4 Bg7 9. f3 Bd7 10. Be3 Rc8 11. Qe2 O-O 12. g4 Rxc3 13. bxc3 Qc7 14. Bd2 Rc8 15. h5 Be8 16. Nf5 gxf5 17. gxf5 Nc4 18. h6 Bh8 19. Rg1+ Kf8 20. Bg5 Qa5 21. Rd1 Qxc3+ 22. Kf1 Ba4 23. f4 Nb2 24. Rd2 Nxd3 25. cxd3 Bb5 26. e5 dxe5 27. fxe5 Nd5 28. f6 exf6 29. Bxf6 Nxf6 30. e6 fxe6 31. Qxe6 Qc7 32. Rf2 Bxd3+ 33. Ke1 Re8 34. Rg8# 1-0


[Site "https://www.chess.com"]

[Event "Titled Tuesday Blitz June 28 Early 2022"]
[White "Nakamura, Hikaru"]
[Black "Warmerdam, Max"]
[WhiteFideId "2016192"]
[BlackFideId "1048104"]
[WhiteElo "3148"]
[BlackElo "2867"]
[Result "1-0"]
[Round "06"]
[TimeControl "180+1"]
[Date "2022.06.28"]
[WhiteClock "0:00:16"]
[BlackClock "0:00:04"]

1. Nf3 Nf6 2. b3 g6 3. Bb2 Bg7 4. e3 c5 5. d4 cxd4 6. Nxd4 O-O 7. Be2 d5 8. O-O Re8 9. Nf3 Nc6 10. a3 a6 11. Nbd2 e5 12. b4 Bf5 13. Nb3 Qe7 14. Nh4 Be6 15. Nc5 Bc8 16. Nf3 b6 17. Na4 Rb8 18. Qc1 Bf5 19. Bxa6 Nd7 20. Bb5 Rec8 21. Nc3 d4 22. Nd5 Qd6 23. c4 Be4 24. Qd1 Bxd5 25. cxd5 Qxd5 26. Qe2 Rc7 27. Rfd1 Rbc8 28. exd4 Nxd4 29. Bxd4 exd4 30. Ba6 Rc2 31. Qb5 Qxb5 32. Bxb5 Ne5 33. Nxd4 R2c3 34. Ne2 Rc2 35. h3 Nc6 36. Rab1 Ra2 37. Rbc1 Na7 38. Rxc8+ Nxc8 39. Rd8+ Bf8 40. Rxc8 Kg7 41. g3 Bd6 42. Rc6 1-0


[Site "https://www.chess.com"]

[Event "Titled Tuesday Blitz June 28 Early 2022"]
[White "Narayanan.S.L"]
[Black "So, Wesley"]
[WhiteFideId "5058422"]
[BlackFideId "5202213"]
[WhiteElo "2962"]
[BlackElo "3062"]
[Result "1/2-1/2"]
[Round "06"]
[TimeControl "180+1"]
[Date "2022.06.28"]
[WhiteClock "0:01:16"]
[BlackClock "0:00:21"]

1. d4 Nf6 2. c4 e6 3. Nc3 Bb4 4. Qc2 O-O 5. e4 d5 6. e5 Ne4 7. Bd3 c5 8. Nf3 cxd4 9. Nxd4 Nd7 10. O-O Nxe5 11. Bxe4 dxe4 12. Rd1 Bxc3 13. Qxc3 Nd3 14. Be3 e5 15. Nc2 Bf5 16. Nb4 Qe7 17. Nd5 Qe6 18. f3 exf3 19. Rxd3 Bxd3 20. Qxd3 Qg4 21. Qf1 fxg2 22. Qxg2 Qxg2+ 23. Kxg2 f5 24. Kf3 Rf7 25. h4 Rc8 26. b3 b6 27. a4 Rd7 28. Rd1 Kf7 29. Bf2 Ke6 30. Bg3 g6 31. Re1 e4+ 32. Ke3 Rxd5 33. cxd5+ Kxd5 34. Rd1+ Ke6 35. Rd6+ Ke7 36. Be5 Rc5 37. Kf4 Rc1 38. b4 Rf1+ 39. Ke3 Rf3+ 40. Ke2 Ra3 41. Rc6 Rxa4 42. b5 Ra5 43. Rc7+ Ke6 44. Bf4 Rxb5 45. Rxa7 Rb2+ 46. Ke3 Rb3+ 47. Ke2 Rb2+ 48. Ke3 Rb3+ 49. Ke2 Rf3 50. Bg5 f4 51. Rxh7 b5 52. Rb7 Re3+ 53. Kf2 Rf3+ 54. Ke2 Re3+ 55. Kf2 Rf3+ 56. Ke2 1/2-1/2


[Site "https://www.chess.com"]

[Event "Titled Tuesday Blitz June 28 Early 2022"]
[White "Narayanan, Srinath"]
[Black "Gurevich, Dmitry"]
[WhiteFideId "5018420"]
[BlackFideId "2000407"]
[WhiteElo "2758"]
[BlackElo "2573"]
[Result "1-0"]
[Round "06"]
[TimeControl "180+1"]
[Date "2022.06.28"]
[WhiteClock "0:00:03"]
[BlackClock "0:00:02"]

1. d4 Nf6 2. Nc3 d5 3. Bf4 a6 4. e3 e6 5. Nf3 c5 6. Ne5 Nc6 7. Be2 cxd4 8. exd4 Qb6 9. Nxc6 Qxc6 10. O-O Be7 11. Bf3 O-O 12. Ne2 b5 13. b3 a5 14. Ng3 b4 15. h4 Ba6 16. Re1 Rac8 17. Rc1 Qc3 18. h5 h6 19. Be2 Bxe2 20. Rxe2 Rfd8 21. Be5 Nd7 22. Bf4 Bf6 23. Be3 Nb8 24. Rd2 Qc6 25. Ne2 Qa6 26. Nf4 Nc6 27. Qg4 Ne7 28. Nd3 Nf5 29. Nc5 Qb5 30. Na4 Nxe3 31. fxe3 Bg5 32. Qe2 Qxe2 33. Rxe2 Rc6 34. Kf2 Rdc8 35. Nc5 Kf8 36. c4 bxc3 37. Rxc3 Be7 38. Rec2 Ke8 39. a3 Rb6 40. Ke2 Rcb8 41. Rb2 Rc6 42. Kd3 Rb5 43. b4 axb4 44. axb4 Rcb6 45. Rcb3 Rb8 46. Kc3 Kd8 47. Ra2 Bg5 48. Re2 Ke7 49. e4 dxe4 50. Rxe4 Kd6 51. Re2 Bf6 52. Kc4 R5b6 53. b5 Ke7 54. Ra2 Rd8 55. Ra7+ Ke8 56. Rd3 Rbd6 57. Nb3 Rc8+ 58. Kb4 Rcd8 59. Ka5 Rb8 60. Ra6 Bd8+ 61. Ka4 Bb6 62. Nc5 Bxc5 63. Rc3 Rxa6+ 64. bxa6 Bxd4 65. Rc4 e5 66. Ka5 Rb2 67. Rc7 Rxg2 68. Kb5 Ra2 69. Rb7 1-0


[Site "https://www.chess.com"]

[Event "Titled Tuesday Blitz June 28 Early 2022"]
[White "Navarrete Mendez, Gonzalo Alberto"]
[Black "Tifferet, Shaked"]
[WhiteFideId "5106850"]
[BlackFideId "2811529"]
[WhiteElo "2261"]
[BlackElo "2083"]
[Result "0-1"]
[Round "06"]
[TimeControl "180+1"]
[Date "2022.06.28"]
[WhiteClock "0:00:01"]
[BlackClock "0:00:14"]

1. e4 c5 2. Nf3 b6 3. d4 cxd4 4. Nxd4 Bb7 5. Nc3 Nc6 6. Bc4 e6 7. Bb3 Nxd4 8. Qxd4 Nf6 9. Bf4 Bc5 10. Qd3 Bb4 11. f3 Rc8 12. O-O Bxc3 13. bxc3 d5 14. e5 Nd7 15. Qe3 Qc7 16. Qf2 Qc5 17. Be3 Qxc3 18. Bd4 Qc7 19. Qg3 O-O 20. c3 f6 21. f4 fxe5 22. fxe5 Ba6 23. Rxf8+ Rxf8 24. Bc2 Qc4 25. h3 Qe2 26. Ba4 Rf1+ 27. Rxf1 Qxf1+ 28. Kh2 Bb5 29. Bb3 Qf5 30. Qe3 h6 31. Qd2 Nxe5 32. Bc2 Bd3 33. Bd1 Nc4 34. Qe1 Qf4+ 35. Kg1 e5 36. Bf2 Qd2 37. Bf3 e4 38. Bg4 Qxe1+ 39. Bxe1 Kf7 40. Bc8 Nd6 41. Bd7 Bc4 42. Bg3 Ke7 43. Bg4 Bxa2 44. Kf2 Bc4 45. Ke3 a5 46. Kd2 a4 47. Kc2 a3 48. Bf2 a2 49. Kb2 Nb5 50. Bxb6 Nxc3 51. Bc5+ Kf7 0-1


[Site "https://www.chess.com"]

[Event "Titled Tuesday Blitz June 28 Early 2022"]
[White "Novikova, Galina"]
[Black "Nunez V, Gustavo Eduardo"]
[WhiteFideId "4157095"]
[BlackFideId "4403690"]
[WhiteElo "1863"]
[BlackElo "2228"]
[Result "1-0"]
[Round "06"]
[TimeControl "180+1"]
[Date "2022.06.28"]
[WhiteClock "0:00:51"]
[BlackClock "0:00:02"]

1. e4 c5 2. Nf3 Nc6 3. d4 cxd4 4. Nxd4 e5 5. Nb5 a6 6. Nd6+ Bxd6 7. Qxd6 Qf6 8. Qd1 Qg6 9. Nc3 Nge7 10. g3 O-O 11. Bg2 d5 12. Nxd5 Nxd5 13. exd5 Nd4 14. O-O Nxc2 15. Rb1 Nd4 16. Be3 Bg4 17. f3 Bf5 18. Rc1 Qb6 19. f4 Qxb2 20. Kh1 Nc2 21. Bc5 Rfc8 22. Rb1 Qc3 23. Bb6 exf4 24. Rxf4 Bg6 25. Rc1 Re8 26. Rf1 Bd3 27. Rf3 Re1+ 28. Qxe1 Qxe1+ 29. Rxe1 Nxe1 30. Re3 Nxg2 31. Rxd3 Ne1 32. Rd1 Nf3 33. d6 Ne5 34. d7 Nxd7 35. Rxd7 Rb8 36. a4 Kf8 37. a5 Ke8 38. Rc7 h5 39. Kg2 g5 40. Rc5 f6 41. Rc7 Kf8 42. Rh7 Kg8 43. Rd7 Re8 44. Rxb7 Re2+ 45. Kg1 h4 46. gxh4 gxh4 47. Ra7 h3 48. Rxa6 f5 49. Bc7 Rg2+ 50. Kf1 Ra2 51. Bg3 Kf7 52. Ra8 1-0


[Site "https://www.chess.com"]

[Event "Titled Tuesday Blitz June 28 Early 2022"]
[White "Nozdrachev, Leonid"]
[Black "Flynn, Jacob"]
[WhiteFideId "24113433"]
[BlackFideId "2509393"]
[WhiteElo "2129"]
[BlackElo "1896"]
[Result "1-0"]
[Round "06"]
[TimeControl "180+1"]
[Date "2022.06.28"]
[WhiteClock "0:01:30"]
[BlackClock "0:00:07"]

1. e4 e5 2. Nf3 Nc6 3. Bc4 Nf6 4. d3 Bc5 5. Nc3 a6 6. O-O O-O 7. Bg5 Be7 8. Re1 d6 9. h3 h6 10. Bh4 Be6 11. a4 Nd4 12. Bxf6 Nxf3+ 13. Qxf3 Bxf6 14. a5 c6 15. Nd1 d5 16. Ba2 g6 17. Ne3 dxe4 18. dxe4 Bxa2 19. Rxa2 Qe7 20. Ra3 Rad8 21. Rb3 Rd7 22. Rd1 Rxd1+ 23. Nxd1 Rd8 24. Rd3 Kg7 25. Ne3 Bg5 26. Nc4 h5 27. Kf1 Rxd3 28. Qxd3 Qc5 29. Ke2 Bh4 30. g3 Be7 31. Qc3 Bf6 32. Qb3 Qb5 33. Qxb5 axb5 34. Nd6 Bd8 35. Nxb7 Kf8 36. Nxd8 Kg8 37. Nxc6 1-0


[Site "https://www.chess.com"]